 Dungeon Crawl Stone Soup version 0.27.1-4-g1640c2035a (webtiles) character file.

Game seed: 15463610884090247887

260216 Sopaderocas the Ruinous (level 19, -3/110 HPs)
             Began as a Tengu Conjurer on Nov 15, 2021.
             Was the Champion of Vehumet.
             Slain by an ironbound thunderhulk (6 damage)
             ... on level 3 of the Vaults.
             The game lasted 03:09:57 (53298 turns).

Sopaderocas the Ruinous (Tengu Conjurer)           Turns: 53298, Time: 03:10:00

Health: -3/110     AC: 16    Str: 10    XL:     19   Next: 92%
Magic:  33/40      EV: 20    Int: 25    God:    Vehumet [******]
Gold:   3607       SH:  5    Dex: 15    Spells: 9/50 levels left

rFire    + . .     SeeInvis +   q - staff of conjuration
rCold    + . .     Faith    .   U - +0 buckler {rC+ rF+}
rNeg     . . .     Spirit   .   D - +4 acid dragon scales
rPois    +         Reflect  .   (helmet restricted)
rElec    .         Harm     .   K - +0 cloak
rCorr    +         Rampage  .   T - +2 pair of gloves {Str+3}
Will     ++...     Rnd*Tele +   (boots unavailable)
Stlth    ++++......             x - amulet of the acrobat
HPRegen  0.28/turn              m - ring of willpower
MPRegen  0.27/turn              C - ring of see invisible

@: flying quickly and evasively, very slightly contaminated, studying
Conjurations, quick
A: beak, talons 3, nimble flight, poison resistance, teleportitis 1
}: 2/15 runes: barnacled, gossamer
a: Renounce Religion


You were on level 3 of the Vaults.
You worshipped Vehumet.
Vehumet was exalted by your worship.
You visited 7 branches of the dungeon, and saw 33 of its levels.
You visited the Abyss 1 time.
You also visited: Ossuary, Bailey and Volcano.

You collected 5640 gold pieces.
You spent 2033 gold pieces at shops.

Inventory:

Hand Weapons
 d - a +4 vorpal quarterstaff
 t - the +1 hand axe of Doom {flame, rElec rCorr Str+5}
   (You found it on level 5 of the Dungeon)

   It burns those it strikes, dealing additional fire damage.
   Big, fiery blades are also staple armaments of hydra-hunters.
   Str:       It affects your strength (+5).
   rElec:     It insulates you from electricity.
   rCorr:     It protects you from acid and corrosion.
Armour
 a - a +0 troll leather armour
 g - the +4 kite shield of Lugonu's Regard {rElec Stlth+}
   (You bought it in a shop on level 2 of the Orcish Mines)

   rElec:     It insulates you from electricity.
   Stlth:     It makes you more stealthy.
 D - +4 acid dragon scales (worn)
 K - a +0 cloak (worn)
 L - a +3 leather armour of fire resistance
 Q - the +2 hat of the Desert {*Slow rC+ Dex+4}
   (You bought it in a shop on level 13 of the Dungeon)

   Dex:       It affects your dexterity (+4).
   rC:        It protects you from cold.
   *Slow:     It may slow you when you take damage.
 T - a +2 pair of gloves of strength (worn)
 U - a +0 buckler of resistance (worn)
Magical Staves
 q - a staff of conjuration (weapon)
Jewellery
 i - a ring of ice
 k - a +6 ring of dexterity
 m - a ring of willpower (left hand)
 p - a ring of fire
 x - an amulet of the acrobat (around neck)
 C - a ring of see invisible (right hand)
 P - a +4 ring of protection
 S - a ring of wizardry
 W - a ring of resist corrosion
Wands
 c - a wand of mindburst (5)
 u - a wand of acid (27)
 w - a wand of digging (5)
 B - a wand of iceblast (29)
 H - a wand of charming (12)
 O - a wand of flame (18)
 V - a wand of paralysis (15)
 Z - a wand of polymorph (15)
Scrolls
 b - 4 scrolls of teleportation
 e - a scroll of brand weapon
 h - 5 scrolls of fog
 l - 3 scrolls of fear
 F - 3 scrolls of immolation
 J - a scroll of amnesia
 M - 4 scrolls of summoning
 R - 16 scrolls of identify
 Y - 2 scrolls of blinking
Potions
 j - 6 potions of might
 n - 3 potions of lignification
 o - 5 potions of brilliance
 r - 4 potions of invisibility
 s - 7 potions of haste
 v - 3 potions of cancellation
 A - a potion of berserk rage
 G - 4 potions of resistance
 N - a potion of curing
Miscellaneous
 f - a phantom mirror
 X - a piece from Xom's chessboard (15/15)


   Skills:
 + Level 9.5 Fighting
 + Level 10.3 Staves
 + Level 8.1 Armour
 + Level 12.6 Dodging
 + Level 9.6 Stealth
 + Level 5.6 Shields
 + Level 16.1 Spellcasting
 + Level 21.9 Conjurations
 + Level 6.3 Translocations
 + Level 4.6 Transmutations
 + Level 9.7 Fire Magic
 + Level 5.7 Air Magic
 + Level 2.2 Earth Magic
 + Level 5.2 Evocations


You had 9 spell levels left.
You knew the following spells:

 Your Spells              Type           Power      Damage    Failure   Level
a - Iskenderun's Mystic   Conj/Tloc      94%        2d18      1%          4
b - Searing Ray           Conj           100%       3d7       0%          2
c - Irradiate             Conj/Tmut      46%        3d28      1%          5
e - Conjure Flame         Conj/Fire      99%        6-21      0%          3
f - Bolt of Magma         Conj/Fire/Erth 43%        4d18      1%          5
g - Lightning Bolt        Conj/Air       47%        1d67      1%          5
h - Airstrike             Air            24%        N/A       1%          4
i - Fireball              Conj/Fire      49%        3d19      1%          5
j - Blink                 Tloc           N/A        N/A       1%          2
k - Starburst             Conj/Fire      49%        6d14      1%          6

Your spell library contained the following spells:

 Spells                   Type           Power      Damage    Failure   Level
 Lehudib's Crystal Spear  Conj/Erth      44%        10d11     41%         8
 Chain Lightning          Conj/Air       47%        3d62      95%         9
 Shatter                  Erth           15%        3d15*     100%        9
 Foxfire                  Conj/Fire      100%       2x1d9     0%          1
 Magic Dart               Conj           100%       1d8       0%          1
 Iskenderun's Battlesphe  Conj           100%       2d15      0%          5
 Beastly Appendage        Tmut           86%        N/A       1%          1
 Wereblood                Tmut           43%        N/A       1%          2
 Dazzling Flash           Conj/Hex       100%       N/A       1%          3
 Gell's Gravitas          Tloc           25%        N/A       1%          3
 Inner Flame              Hex/Fire       44%        N/A       1%          3
 Lesser Beckoning         Tloc           25%        N/A       1%          3
 Teleport Other           Tloc           51%        N/A       1%          3
 Fulminant Prism          Conj/Hex       42%        3d20      1%          4
 Conjure Ball Lightning   Conj/Air       47%        3x3d16    1%          6
 Iron Shot                Conj/Erth      44%        9d9       1%          6
 Orb of Destruction       Conj           57%        9d16      1%          7
 Passage of Golubria      Tloc           N/A        N/A       2%          4
 Manifold Assault         Tloc           51%        N/A       8%          5
 Petrify                  Tmut/Erth      37%        N/A       10%         4
 Tukima's Dance           Hex            20%        N/A       12%         3
 Silence                  Hex/Air        17%        N/A       32%         5
 Agony                    Necr           20%        N/A       71%         5
 Metabolic Englaciation   Hex/Ice        10%        N/A       71%         5
 Ignition                 Fire           31%        3d10      71%         8
 Statue Form              Tmut/Erth      24%        N/A       82%         6
 Maxwell's Capacitive Co  Air            24%        ∞         99%         8


Dungeon Overview and Level Annotations

Branches:
Dungeon (15/15)            Temple (1/1) D:6            Lair (4/6) D:10
 Shoals (4/4) Lair:4       Spider (4/4) Lair:4          Orc (2/2) D:12
    Elf (0/3) Orc:2        Vaults (3/5) D:13         Depths (0/5) D:15
Ossuary (visited)          Bailey (visited)         Volcano (visited)
  Crypt: Vaults:2-3

Altars:
Ashenzari
Cheibriados
Dithmenos
Elyvilon
Fedhas
Gozag
Hepliaklqana
Kikubaaqudgha
Makhleb
Nemelex Xobeh
Okawaru
Qazlal
Ru
Sif Muna
Trog
Uskayaw
Vehumet
Wu Jian
Xom
Yredelemnul
Zin
The Shining One
Beogh

Shops:
D:1 (   D:2 [   D:12 :   D:13 [[(   Orc:1 *   Orc:2 :[(([

Portals:
Trove: D:10 (give +2 gold dragon scales)

Annotations:
D:3 3 runed translucent doors, ghwc's ghost, weakling DsAK
D:12 exclusion: obsidian statue
Lair:1 1 runed translucent door, ghwc's ghost, novice VSBe
Lair:3 Kirke
Shoals:4 Donald
Spider:1 3 runed translucent doors, Jabberih's ghost, adept MfIE
Orc:2 2 runed translucent doors, Iepvzaeh's ghost, journeyman MiBe


Innate Abilities, Weirdness & Mutations

You have a beak for a mouth.
You have claws for feet.
Your magical nature lets you fly swiftly and evasively.
Your system is resistant to poisons. (rPois)
You are occasionally teleported next to monsters.


Message History

The searing ray hits the ironbound thunderhulk!
The ironbound thunderhulk is moderately wounded.
The sphinx casts a spell.
You resist with almost no effort.
The searing ray hits the ironbound thunderhulk!
The ironbound thunderhulk is heavily wounded.
The sphinx mumbles some strange words.
You suddenly lose the ability to move!
The ironbound thunderhulk hits you with a +0 dire flail!! x2
* * * LOW HITPOINT WARNING * * *
The ironbound thunderhulk hits you with a +0 dire flail.
* * * LOW HITPOINT WARNING * * *
The sphinx casts a spell.
You resist with almost no effort.
The ironbound thunderhulk barely misses you.
The sphinx hits you!
* * * LOW HITPOINT WARNING * * *
The sphinx hits you but does no damage. x2
The ironbound thunderhulk hits you with a +0 dire flail.
* * * LOW HITPOINT WARNING * * *
The sphinx hits you!
* * * LOW HITPOINT WARNING * * *
The sphinx hits you but does no damage. x2
You can move again.
Press: ? - help, v - describe, . - travel
Here: a sphinx The floor, spattered with blood.
Casting: Searing Ray (safe; 0% risk of failure)
Confirm with . or Enter, or press ? or * to list all spells.
You feel a surge of power!
You erupt in a fountain of uncontrolled magic!
The sphinx is blasted with magical radiation!!!
The sphinx is heavily wounded.
The sphinx twists and deforms.
The ironbound thunderhulk is blasted with magical radiation!!
The ironbound thunderhulk is severely wounded.
The ironbound thunderhulk twists and deforms.
You are very lightly contaminated with residual magic.
The ironbound thunderhulk hits you with a +0 dire flail.
You die...

######
+....#
#.<..#
#....#
##...##
#.@..#
#HO..#
#....##
#.....#
#.....##
......##
......#
.....#


You could see a sphinx (misshapen) and an ironbound thunderhulk (misshapen).

Vanquished Creatures
  Nikola (Shoals:4)
  Arachne (Spider:2)
  2 tentacled starspawn (Abyss:2)
  Polyphemus (Shoals:2)
  A kraken (Shoals:1)
  A fenstrider witch (Shoals:3)
  Aizul (Vaults:1)
  Louise (Shoals:4)
  An emperor scorpion (Spider:3)
  3 orc warlords
  A ghost moth (Spider:3)
  6 vault wardens
  A draconian annihilator (Abyss:2)
  A war gargoyle (Vaults:2)
  A very ugly thing (Vaults:2)
  6 ironbound preservers
  4 entropy weavers
  A minotaur (shapeshifter) (Vaults:1)
  2 spark wasps
  A crystal guardian (Vaults:2)
  2 merfolk javelineers
  6 merfolk impalers
  A fire dragon (D:13)
  An ettin (D:15)
  7 yaktaur captains
  Josephine (D:15)
  9 boulder beetles
  7 hydras
  6 vault guards
  4 ironbound thunderhulks
  A peacekeeper (Vaults:2)
  6 ironbound frosthearts
  4 merfolk avatars
  5 centaur warriors
  8 two-headed ogres
  An ogre mage (D:15)
  A catoblepas (Shoals:2)
  A death knight (D:13)
  5 merfolk aquamancers
  2 alligator snapping turtles (Shoals:2)
  3 tengu warriors
  3 death yaks (Shoals:2)
  2 thrashing horrors (Abyss:2)
  A deep elf knight (D:13)
  A soul eater (Abyss:2)
  5 skeletal warriors
  13 sea snakes
  A flayed ghost (D:13)
  11 deep trolls
  A large abomination (Abyss:2)
  A tengu zombie (Vaults:2)
  A deep elf archer (Volcano)
  6 ironbound convokers
  A wizard (D:13)
  A mana viper (Abyss:2)
  9 harpies
  2 deep elf zephyrmancers (D:13)
  An orc knight (D:13)
  19 wolf spiders
  3 necromancers
  9 deep elf pyromancers
  A cyclops (shapeshifter) (D:13)
  16 manticores
  15 orb spiders
  A tengu skeleton (Vaults:1)
  6 oklob plants
  3 ugly things (Vaults:2)
  3 moths of wrath
  3 orc sorcerers
  8 fauns
  A worldbinder (Abyss:2)
  9 cyclopes
  11 merfolk sirens
  A stone giant skeleton (Vaults:2)
  3 black mambas
  2 vault sentinels (Vaults:1)
  5 water nymphs (Shoals:4)
  2 gargoyles (D:12)
  2 kobold demonologists
  A torpor snail (Spider:1)
  A hellion (Abyss:2)
  8 cane toads
  An unseen horror (D:11)
  12 demonic crawlers
  5 komodo dragons
  2 freezing wraiths
  2 tengu conjurers
  A human zombie (Vaults:1)
  2 ancient zymes (Abyss:2)
  16 yaktaurs
  An ice devil (Abyss:2)
  3 trolls
  19 jumping spiders
  6 wind drakes
  27 merfolk
  13 hornets
  2 human skeletons (Vaults:1)
  A polar bear (Lair:4)
  A blink frog (Lair:2)
  38 slime creatures
  Grinder (D:5)
  A meliai zombie (D:11)
  A hydra skeleton (Abyss:2)
  9 snapping turtles
  A fire giant simulacrum (Vaults:2)
  6 dream sheep
  47 redbacks
  2 starcursed masses (Abyss:2)
  An alligator skeleton (Abyss:2)
  A shadow (D:6)
  18 tarantellas
  3 wyverns
  A vampire (D:11)
  7 water elementals
  10 wraiths
  2 fire elementals (Volcano)
  6 basilisks
  A basilisk (shapeshifter) (D:13)
  22 yaks
  4 steam dragons
  3 hogs
  7 vampire mosquitoes
  2 neqoxecs (Abyss:2)
  Menkaure (D:5)
  A spatial vortex (Abyss:2)
  3 wargs
  A small abomination (Abyss:2)
  2 acid dragons
  8 hell hounds
  12 water moccasins
  2 ice beasts
  A black bear (Lair:1)
  46 orc warriors
  A sky beast (D:7)
  5 ogres
  A boggart (D:13)
  A necrophage (D:6)
  12 wolves
  11 centaurs
  2 phantoms
  4 kobold brigands
  12 bullfrogs
  6 scorpions
  A water moccasin zombie (Ossuary)
  A water moccasin skeleton (D:6)
  18 killer bees
  10 wights
  3 howler monkeys (D:8)
  3 electric eels
  2 centaur zombies
  A hound (D:5)
  A bullfrog skeleton (D:6)
  A gnoll shaman (D:4)
  28 orc priests
  An iron imp (D:12)
  23 orc wizards
  Ijyb (D:5)
  2 iguanas
  10 hell rats
  3 killer bee zombies
  A spriggan simulacrum (D:11)
  2 mummies (Ossuary)
  17 gnolls
  5 adders
  4 naga simulacra (D:11)
  2 white imps
  2 ufetubi
  4 adder zombies (Ossuary)
  An adder skeleton (D:4)
  2 worms
  2 dart slugs
  90 orcs
  8 bats
  4 endoplasms
  4 giant cockroaches
  2 gnoll zombies (Ossuary)
  29 goblins
  22 hobgoblins
  3 jackals (D:2)
  18 kobolds
  4 quokkas
  8 ball pythons
  2 frilled lizards (D:2)
  7 hobgoblin zombies (Ossuary)
  2 kobold zombies (Ossuary)
  3 orc zombies (Ossuary)
  5 rats
  A starspawn tentacle (Abyss:2)
  2 tentacles
1116 creatures vanquished.

Vanquished Creatures (others)
  A chaos spawn (D:12)
  A quasit (Abyss:2)
  A shadow imp (D:12)
  3 white imps (D:12)
  An ufetubus (D:12)
  17 foxfires (D:13)
  18 fungi
  77 plants
  11 starspawn tentacles (Abyss:2)
  8 tentacles
  5 toadstools (D:1)
143 creatures vanquished.

Grand Total: 1259 creatures vanquished

Notes
Turn   | Place    | Note
-------+----------+-------------------------------------------
     0 | D:1      | Sopaderocas the Tengu Conjurer began the quest for the Orb.
     0 | D:1      | Reached XP level 1. HP: 10/10 MP: 4/4
   170 | D:1      | Reached XP level 2. HP: 15/15 MP: 4/6
   173 | D:1      | Learned a level 2 spell: Searing Ray
   396 | D:1      | Reached skill level 6 in Conjurations
   790 | D:1      | Found Plog's Antique Weapon Shop.
  1020 | D:1      | Reached XP level 3. HP: 19/19 MP: 4/7
  1122 | D:1      | Identified a scroll of acquirement
  1122 | D:1      | Acquired 1072 gold pieces
  1394 | D:2      | Found a broken altar of Ashenzari.
  1768 | D:2      | Reached XP level 4. HP: 21/24 MP: 4/8
  1830 | D:2      | Found Fuzol's Armour Boutique.
  1833 | D:2      | Bought a +0 pair of gloves for 45 gold pieces
  2391 | D:3      | Found a runed translucent gate.
  2391 | D:3      | Found a runed translucent gate.
  2392 | D:3      | Found a runed translucent gate.
  2450 | D:3      | Noticed ghwc's ghost (weakling DsAK)
  2753 | D:3      | Found a faded altar of an unknown god.
  3049 | D:4      | Noticed a centaur
  3056 | D:4      | Killed a centaur
  3057 | D:4      | Reached skill level 1 in Staves
  3057 | D:4      | Reached skill level 7 in Conjurations
  3057 | D:4      | Gained mutation: Your magical nature lets you fly swiftly
                  | and evasively. [Tengu growth]
  3057 | D:4      | Reached XP level 5. HP: 7/28 MP: 5/10
  3254 | D:4      | Reached XP level 6. HP: 17/32 MP: 1/11
  3719 | D:4      | Reached skill level 8 in Conjurations
  4004 | D:4      | Reached XP level 7. HP: 37/37 MP: 10/13
  4058 | D:4      | Found a glowing silver altar of Zin.
  4383 | D:4      | Learned a level 4 spell: Iskenderun's Mystic Blast
  4384 | D:5      | Entered Level 5 of the Dungeon
  4478 | D:5      | Identified the +0 leather armour of Taypto {rF+}
  4639 | D:5      | Noticed Grinder
  4654 | D:5      | Noticed a kobold demonologist
  4660 | D:5      | Killed Grinder
  4661 | D:5      | Reached skill level 1 in Fighting
  4661 | D:5      | Reached skill level 9 in Conjurations
  4827 | D:5      | Reached XP level 8. HP: 36/43 MP: 11/16
  4930 | D:5      | Noticed Ijyb
  4937 | D:5      | Killed Ijyb
  5167 | D:5      | Identified the +1 hand axe of Doom {flame, rElec rCorr
                  | Str+5}
  5237 | D:5      | Reached skill level 5 in Spellcasting
  5283 | D:5      | Noticed Menkaure
  5288 | D:5      | Killed Menkaure
  5486 | D:5      | Killed a kobold demonologist
  5487 | D:5      | Reached skill level 10 in Conjurations
  5624 | D:6      | Noticed a shadow
  5637 | D:6      | Reached skill level 5 in Stealth
  5637 | D:6      | Reached XP level 9. HP: 48/48 MP: 12/18
  5848 | D:6      | Found a sand-covered staircase.
  5854 | Ossuary  | Entered an ossuary
  6323 | D:6      | Found a staircase to the Ecumenical Temple.
  6377 | Temple   | Entered the Ecumenical Temple
  6497 | Temple   | Became a worshipper of Vehumet
  6732 | D:6      | Reached skill level 11 in Conjurations
  8228 | D:8      | Reached * piety under Vehumet
  8228 | D:8      | Offered knowledge of Freeze by Vehumet.
  8481 | D:8      | Reached XP level 10. HP: 54/54 MP: 17/21
  8568 | D:8      | Reached skill level 12 in Conjurations
  9414 | D:9      | Reached skill level 5 in Dodging
  9587 | D:9      | Reached ** piety under Vehumet
  9589 | D:9      | Offered knowledge of Shock by Vehumet.
  9704 | D:9      | Noticed a two-headed ogre
  9709 | D:9      | Noticed a two-headed ogre
  9723 | D:9      | Killed a two-headed ogre
  9725 | D:9      | Killed a two-headed ogre
 10658 | D:10     | Entered Level 10 of the Dungeon
 10675 | D:10     | Reached XP level 11. HP: 57/61 MP: 24/24
 10805 | D:10     | Got the Volume of Weirdness
 10871 | D:10     | Reached skill level 13 in Conjurations
 11102 | D:10     | Found a staircase to the Lair.
 11187 | D:10     | Noticed a two-headed ogre
 11197 | D:10     | Killed a two-headed ogre
 11202 | D:10     | Offered knowledge of Frozen Ramparts by Vehumet.
 11716 | D:10     | Found a portal to a secret trove of treasure.
 12115 | D:11     | Noticed a two-headed ogre
 12128 | D:11     | Killed a two-headed ogre
 12129 | D:11     | Reached skill level 1 in Armour
 12129 | D:11     | Reached skill level 1 in Translocations
 12201 | D:11     | Found a flagged portal.
 12225 | D:11     | Reached *** piety under Vehumet
 12232 | Bailey   | Entered a bailey
 12324 | Bailey   | Offered knowledge of Ignite Poison by Vehumet.
 12348 | Bailey   | Reached skill level 5 in Staves
 12416 | Bailey   | Reached **** piety under Vehumet
 12464 | Bailey   | Noticed an orc warlord
 12858 | Bailey   | Killed an orc warlord
 12858 | Bailey   | Offered knowledge of Irradiate by Vehumet.
 12859 | Bailey   | Reached skill level 5 in Fighting
 12859 | Bailey   | Reached XP level 12. HP: 58/68 MP: 3/26
 12865 | Bailey   | Learned a level 5 spell: Irradiate
 12898 | Bailey   | Learned a level 1 spell: Foxfire
 12902 | Bailey   | Learned a level 3 spell: Conjure Flame
 12923 | Bailey   | Reached skill level 14 in Conjurations
 12923 | Bailey   | Reached XP level 13. HP: 74/74 MP: 15/27
 12924 | Bailey   | Reached skill level 10 in Spellcasting
 12924 | Bailey   | Reached XP level 14. HP: 80/80 MP: 15/29
 14064 | D:12     | Reached skill level 15 in Conjurations
 14158 | D:12     | Reached ***** piety under Vehumet
 14397 | D:12     | Offered knowledge of Iskenderun's Battlesphere by Vehumet.
 14407 | D:12     | Learned a level 5 spell: Iskenderun's Battlesphere
 14675 | D:12     | Found a staircase to the Orcish Mines.
 15133 | D:12     | Found Ozoirid's Book Emporium.
 15379 | D:12     | Bought the Handbook of Displacement and Flight for 512 gold
                  | pieces
 15385 | D:12     | Learned a level 5 spell: Lightning Bolt
 15390 | D:12     | Learned a level 4 spell: Airstrike
 15395 | D:12     | Learned a level 4 spell: Passage of Golubria
 15585 | D:13     | Found Toeqemav's Armour Emporium.
 15832 | D:13     | Found Jyetredd's Antique Armour Boutique.
 15840 | D:13     | Bought a transparent hat for 261 gold pieces
 15840 | D:13     | Identified the +2 hat of the Desert {*Slow rC+ Dex+4} (You
                  | bought it in a shop on level 13 of the Dungeon)
 16464 | D:13     | Reached skill level 1 in Transmutations
 16799 | D:13     | Found Empoxkic's Weapon Shop.
 17120 | Lair:1   | Entered Level 1 of the Lair of Beasts
 17180 | Lair:1   | Reached skill level 5 in Armour
 17281 | Lair:1   | Found a runed translucent door.
 17386 | Lair:1   | Noticed ghwc's ghost (novice VSBe)
 18697 | Lair:2   | Found a dark tunnel.
 18722 | Volcano  | Entered a volcano
 19679 | Lair:3   | Reached XP level 15. HP: 84/86 MP: 22/31
 19816 | Lair:3   | Reached skill level 10 in Dodging
 20066 | Lair:3   | Reached skill level 16 in Conjurations
 20311 | Lair:3   | Learned a level 2 spell: Blink
 20877 | Lair:4   | Noticed Kirke
 20927 | Lair:3   | Offered knowledge of Eringya's Noxious Bog by Vehumet.
 21195 | Lair:3   | HP: 4/86 [cane toad (26)]
 21706 | Orc:1    | Entered Level 1 of the Orcish Mines
 22061 | Orc:2    | Entered Level 2 of the Orcish Mines
 22061 | Orc:2    | Found Zixtikhl Axoi's Book Emporium.
 22064 | Orc:2    | Bought a book of Fire for 704 gold pieces
 22192 | Orc:2    | Found a large runed translucent door.
 22192 | Orc:2    | Found a large runed translucent door.
 22198 | Orc:2    | Noticed Iepvzaeh's ghost (journeyman MiBe)
 22516 | Orc:2    | Found a staircase to the Elven Halls.
 22645 | Orc:2    | Found Tetiolus's Antique Weapon Shop.
 22673 | Orc:2    | Found Lioczobb's Antique Armour Shoppe.
 22700 | Orc:2    | Bought an encrusted kite shield for 256 gold pieces
 22700 | Orc:2    | Identified the +4 kite shield of Lugonu's Regard {rElec
                  | Stlth+} (You bought it in a shop on level 2 of the Orcish
                  | Mines)
 23179 | Orc:2    | Noticed an orc warlord
 23733 | Orc:2    | Killed an orc warlord
 23887 | Orc:2    | Found Mirghih's Antique Armour Shop.
 23891 | Orc:2    | Found Neji's Antique Weapon Boutique.
 23939 | Orc:2    | Learned a level 5 spell: Fireball
 24006 | Orc:1    | Reached ****** piety under Vehumet
 24047 | Orc:1    | Found Lodoagh's Assorted Antiques.
 24345 | Orc:1    | Offered knowledge of Spellforged Servitor by Vehumet.
 24491 | Orc:1    | Bought a pair of glowing gloves for 225 gold pieces
 24491 | Orc:1    | Bought a scroll labelled NEUFUNW TELIT for 30 gold pieces
 25024 | D:13     | Identified the +3 war axe "Lantot" {vorpal, Dex+3}
 25349 | D:13     | Found a gate to the Vaults.
 27469 | D:15     | Entered Level 15 of the Dungeon
 28363 | D:15     | Reached XP level 16. HP: 89/92 MP: 33/33
 28364 | D:15     | Reached skill level 17 in Conjurations
 28386 | D:15     | Reached skill level 1 in Shields
 29596 | D:15     | Found a staircase to the Depths.
 29751 | D:15     | Noticed Josephine
 29754 | D:15     | Offered knowledge of Iron Shot by Vehumet.
 29761 | D:15     | Killed Josephine
 30507 | Lair:4   | Found a staircase to the Shoals.
 30532 | Lair:4   | Reached skill level 5 in Air Magic
 31306 | Lair:4   | Found a hole to the Spider Nest.
 31536 | Lair:4   | Reached skill level 5 in Fire Magic
 32010 | Shoals:1 | Entered Level 1 of the Shoals
 32609 | Shoals:1 | Learned a level 6 spell: Iron Shot
 32632 | Shoals:1 | Reached skill level 10 in Staves
 33186 | Shoals:1 | Noticed a kraken
 33194 | Shoals:1 | Killed a kraken
 33338 | Shoals:1 | You are sucked into a shaft and drop 1 floor!
 33521 | Shoals:2 | Noticed Polyphemus
 34664 | Shoals:2 | Offered knowledge of Bolt of Magma by Vehumet.
 34985 | Shoals:1 | Learned a level 5 spell: Bolt of Magma
 35663 | Shoals:2 | Killed Polyphemus
 36083 | Shoals:2 | Noticed a kraken
 36084 | Shoals:2 | Reached XP level 17. HP: 43/99 MP: 6/35
 36479 | Shoals:3 | Reached skill level 18 in Conjurations
 36877 | Shoals:4 | Entered Level 4 of the Shoals
 37385 | Shoals:4 | Noticed Donald
 37805 | Shoals:4 | Noticed Louise
 37810 | Shoals:4 | Cast into level 2 of the Abyss (Louise)
 38006 | Abyss:2  | Noticed a tentacled starspawn
 38144 | Abyss:2  | Noticed a tentacled starspawn
 38210 | Abyss:2  | Noticed a tentacled starspawn
 38229 | Abyss:2  | Killed a tentacled starspawn
 38243 | Abyss:2  | Gained mutation: You are weak. (Str -2) [mutagenic glow]
 38293 | Abyss:2  | Gained mutation: You are clumsy. (Dex -2) [a neqoxec]
 38309 | Abyss:2  | Noticed a tentacled starspawn
 38333 | Abyss:2  | Killed a tentacled starspawn
 38352 | Abyss:2  | Gained mutation: You are dopey. (Int -2) [a neqoxec]
 38491 | Abyss:2  | Reached skill level 5 in Translocations
 38711 | Shoals:4 | Escaped the Abyss
 38724 | Shoals:3 | Gained mutation: You are very weak. (Str -4) [mutagenic
                  | glow]
 39098 | Shoals:3 | Lost mutation: You are dopey. (Int -2) [potion of mutation]
 39098 | Shoals:3 | Lost mutation: You are clumsy. (Dex -2) [potion of
                  | mutation]
 39098 | Shoals:3 | Gained mutation: You are clumsy. (Dex -2) [potion of
                  | mutation]
 39098 | Shoals:3 | Gained mutation: You tend to lose your temper in combat.
                  | [potion of mutation]
 39099 | Shoals:3 | Lost mutation: You are very weak. (Str -4) [potion of
                  | mutation]
 39099 | Shoals:3 | Lost mutation: You are clumsy. (Dex -2) [potion of
                  | mutation]
 39099 | Shoals:3 | Gained mutation: You sometimes lose the ability to read
                  | scrolls when taking damage. [potion of mutation]
 39099 | Shoals:3 | Gained mutation: Your spells are a little easier to cast,
                  | but a little less powerful. [potion of mutation]
 39100 | Shoals:3 | Lost mutation: You sometimes lose the ability to read
                  | scrolls when taking damage. [potion of mutation]
 39100 | Shoals:3 | Lost mutation: You tend to lose your temper in combat.
                  | [potion of mutation]
 39100 | Shoals:3 | Lost mutation: Your spells are a little easier to cast, but
                  | a little less powerful. [potion of mutation]
 39100 | Shoals:3 | Lost mutation: You are weak. (Str -2) [potion of mutation]
 39100 | Shoals:3 | Gained mutation: Your body sometimes deteriorates upon
                  | taking damage. [potion of mutation]
 39100 | Shoals:3 | Gained mutation: You are dopey. (Int -2) [potion of
                  | mutation]
 39101 | Shoals:3 | Lost mutation: Your body sometimes deteriorates upon taking
                  | damage. [potion of mutation]
 39101 | Shoals:3 | Lost mutation: You are dopey. (Int -2) [potion of mutation]
 39101 | Shoals:3 | Gained mutation: You are clumsy. (Dex -2) [potion of
                  | mutation]
 39101 | Shoals:3 | Gained mutation: You are frail. (-10% HP) [potion of
                  | mutation]
 39101 | Shoals:3 | Gained mutation: You possess an exceptional clarity of
                  | mind. [potion of mutation]
 39102 | Shoals:3 | Lost mutation: You are frail. (-10% HP) [potion of
                  | mutation]
 39102 | Shoals:3 | Lost mutation: You possess an exceptional clarity of mind.
                  | [potion of mutation]
 39102 | Shoals:3 | Gained mutation: You tend to lose your temper in combat.
                  | [potion of mutation]
 39102 | Shoals:3 | Gained mutation: You are occasionally teleported next to
                  | monsters. [potion of mutation]
 39102 | Shoals:3 | Gained mutation: You are frail. (-10% HP) [potion of
                  | mutation]
 39103 | Shoals:3 | Lost mutation: You are frail. (-10% HP) [potion of
                  | mutation]
 39103 | Shoals:3 | Lost mutation: You are clumsy. (Dex -2) [potion of
                  | mutation]
 39103 | Shoals:3 | Lost mutation: You tend to lose your temper in combat.
                  | [potion of mutation]
 39103 | Shoals:3 | Gained mutation: Your system is resistant to poisons.
                  | (rPois) [potion of mutation]
 39133 | Shoals:4 | Killed Louise
 39341 | Shoals:4 | Noticed Nikola
 39437 | Shoals:4 | Identified the ring of Cuoffesk {Will+ Str+6 Dex+2 Stlth-}
 39460 | Shoals:4 | Killed Nikola
 40127 | Shoals:4 | Reached skill level 19 in Conjurations
 40176 | Shoals:4 | Offered knowledge of Conjure Ball Lightning by Vehumet.
 40267 | Shoals:4 | Got a barnacled rune of Zot
 41045 | Spider:1 | Entered Level 1 of the Spider Nest
 41104 | Spider:1 | Reached XP level 18. HP: 105/105 MP: 27/37
 41404 | Spider:1 | Reached skill level 1 in Evocations
 41975 | Spider:1 | Found a runed translucent gate.
 41976 | Spider:1 | Found a runed translucent gate.
 41976 | Spider:1 | Found a runed translucent gate.
 41979 | Spider:1 | Noticed Jabberih's ghost (adept MfIE)
 43039 | Spider:2 | Noticed Arachne
 43102 | Spider:2 | HP: 4/105 [entropy weaver (6)]
 43529 | Spider:4 | Entered Level 4 of the Spider Nest
 43738 | Spider:2 | Offered knowledge of Maxwell's Capacitive Coupling by
                  | Vehumet.
 43748 | Spider:2 | Learned a level 8 spell: Maxwell's Capacitive Coupling
 43866 | Spider:2 | Killed Arachne
 45196 | Spider:3 | Reached skill level 15 in Spellcasting
 45935 | Spider:3 | Acquired 562 gold pieces
 46276 | Spider:4 | Reached skill level 20 in Conjurations
 46282 | Spider:4 | Reached skill level 1 in Earth Magic
 46566 | Spider:4 | Got a gossamer rune of Zot
 46704 | Spider:4 | Offered knowledge of Lehudib's Crystal Spear by Vehumet.
 46704 | Spider:4 | Offered knowledge of Shatter by Vehumet.
 46704 | Spider:4 | Offered knowledge of Chain Lightning by Vehumet.
 46996 | D:10     | Learned a level 6 spell: Starburst
 47507 | Vaults:1 | Entered Level 1 of the Vaults
 47688 | Vaults:1 | Reached skill level 5 in Evocations
 48348 | Vaults:1 | Reached XP level 19. HP: 99/110 MP: 23/39
 48356 | Vaults:1 | Reached skill level 5 in Shields
 49729 | Vaults:1 | Noticed Aizul
 49733 | Vaults:1 | Killed Aizul
 49973 | Vaults:1 | Reached skill level 21 in Conjurations
 53292 | Vaults:3 | Paralysed by a sphinx for 6 turns
 53297 | Vaults:3 | HP: 3/110 [sphinx (8)]
 53298 | Vaults:3 | Slain by an ironbound thunderhulk

Illustrated notes

Levels and vault maps discovered:
D:1:      ldierk_walled_garden, layout_loops_ring, serial_shops, shop_statue
D:2:      layout_loops_cross, serial_shops, shop, basic_altar,
          kennysheep_generic_room_2
D:3:      layout_loops_cross, shapermc_ecumenical_altar_notcrosses,
          gammafunk_ghost_necromancy, ebering_dispersal_statue_hall
D:4:      layout_basic, zin_academy
D:5:      layout_rooms, uniq_grinder, uniq_menkaure, uniq_ijyb
D:6:      layout_gridville, minmay_temple_entry_hall, nicolae_ossuary_entry_plus
D:7:      layout_basic
D:8:      layout_layer_cave, kennysheep_crisscross, minivault_23
D:9:      layout_loops_corners
D:10:     layout_irregular_city, david_lair_generic, enter_trove_1,
          kennysheep_dice
D:11:     layout_roguey, portal_ice_cave_entry_ice_simulacra, enter_bailey_5
D:12:     layout_irregular_city, erik_orc_2, serial_shops,
          nicolae_shop_behind_doors, hangedman_devilish_allure
D:13:     layout_gridville, hangedman_vaults_entry_quadrant_bands, serial_shops,
          shop_fountains, shop, kennysheep_mini_moat, minivault_12
D:14:     layout_long_grid
D:15:     hangedman_depths_entry_civil_slaughter, layout_loops_corners,
          chequers_hall_statues_y, uniq_josephine
Temple:   regret_index_temple_sigil_plot
Lair:1:   layout_misc_corridors, hellmonk_ghost_happy_afterlife
Lair:2:   layout_gridlike, enter_volcano_3, serial_bayou_pond_b
Lair:3:   layout_cave_pods, grunt_megastairs_5
Lair:4:   layout_hall_layers, minmay_shoals_entry_beasts,
          spider_nest_entry_rubble, grunt_megastairs_1,
          minmay_lair_oklob_chamber, uniq_kirke
Shoals:1: layout_shoals, nicolae_shoals_lost_giant_baths,
          nicolae_shoals_seven_spires
Shoals:2: layout_shoals, nicolae_shoals_flooded_hall, uniq_polyphemus,
          uniq_ilsuiw
Shoals:3: layout_shoals, nicolae_shoals_beach_house_on_fowls_legs
Shoals:4: shoals_end_grunt_ice, layout_shoals, shoals_ilsuiw_ice,
          nicolae_shoals_elemental_ambush, uniq_donald, uniq_nikola, uniq_louise
Spider:1: layout_spider_delve, gammafunk_ghost_split
Spider:2: layout_chambers, nicolae_spider_nook,
          hangedman_spider_tarantella_strand, uniq_arachne
Spider:3: layout_spider_delve
Spider:4: guppyfry_spider_rune, uniq_bai_suzhen
Orc:1:    layout_caves, serial_shops, shop, mines3_lemuel
Orc:2:    grunt_orc_community_town_hall, layout_caves,
          grunt_orc_community_big_house_1, grunt_orc_community_big_house_2,
          grunt_orc_community_house_1, grunt_orc_community_house_1,
          grunt_orc_community_house_1, grunt_orc_community_house_3,
          serial_shops, shop, ebering_ghost_disaster_area, mines1_david
Vaults:1: ontoclasm_vaults_claustrophobia, hangedman_vaults_unwind,
          nicolae_vaults_network_quincunx
          [nicolae_vaults_network_quincunx_subvault,
          nicolae_vaults_network_quincunx_subvault,
          nicolae_vaults_network_quincunx_subvault,
          nicolae_vaults_network_quincunx_subvault,
          nicolae_vaults_network_quincunx_subvault],
          nicolae_vaults_little_squares_2, vaults_room_glass_cross,
          nicolae_vaults_mini_display_case, grunt_vaults_focal,
          hangedman_vaults_cutoff, vaults_room_corners, v_misc_22,
          nicolae_vaults_little_squares_3, vaults_room_fours,
          nicolae_vaults_theta, layout_vaults_maze_snakey, uniq_aizul
Vaults:2: v_misc_9, nicolae_vaults_triangles, hangedman_vaults_nails, v_misc_16,
          v_misc_24, v_rooms_5, v_misc_16, vaults_dpeg_ring,
          vaults_room_corners, layout_vaults_omnicross
Vaults:3: nicolae_vaults_ninety_degrees, vaults_room_grunt_arrival_checkpoint,
          nicolae_vaults_murderbox, layout_vaults_omnigrid, dummy_crypt_entry,
          serial_shops, shop

Skill      XL: |  1  2  3  4  5  6  7  8  9 10 11 12 13 14 15 16 17 18 19 |
---------------+----------------------------------------------------------+-----
Conjurations   | 6 7 8 9 10 11 12 13 14 15 16 17 19 20 21 | 21.9
Staves         | 1 2 3 5 6 8 9 10 | 10.3
Spellcasting   | 3 4 5 7 8 9 10 11 12 13 14 15 16 | 16.1
Stealth        | 3 5 6 7 8 9 |  9.6
Fighting       | 1 2 4 5 6 7 8 9 |  9.5
Dodging        | 3 4 6 7 8 9 10 11 12 | 12.6
Armour         | 3 5 6 7 8 |  8.1
Translocations | 1 2 4 5 6 |  6.3
Fire Magic     | 2 4 5 8 9 |  9.7
Air Magic      | 3 4 5 |  5.7
Transmutations | 1 2 3 4 |  4.6
Shields        | 3 4 5 |  5.6
Evocations     | 5 |  5.2
Earth Magic    | 1 2 |  2.2

Action                   |  1- 3 |  4- 6 |  7- 9 | 10-12 | 13-15 | 16-18 | 19-21 || total
-------------------------+-------+-------+-------+-------+-------+-------+-------++-------
Melee: Quarterstaff      |     6 |     1 |     8 |    28 |   128 |       |       ||   171
       Kick              |       |     1 |     2 |     6 |    41 |    96 |    24 ||   170
       Peck              |       |       |       |     3 |    29 |    71 |    28 ||   131
       Staff             |       |       |       |       |    32 |   271 |   102 ||   405
 Cast: Magic Dart        |    10 |       |       |       |       |       |       ||    10
       Searing Ray       |    26 |    32 |    53 |   103 |   239 |   320 |    37 ||   810
       Iskenderun's Myst |       |       |     1 |     9 |    68 |   154 |    39 ||   271
       Irradiate         |       |       |       |       |    45 |   113 |    29 ||   187
       Foxfire           |       |       |       |       |     9 |       |       ||     9
       Lightning Bolt    |       |       |       |       |    17 |    27 |     4 ||    48
       Airstrike         |       |       |       |       |     5 |     1 |       ||     6
       Conjure Flame     |       |       |       |       |     3 |       |       ||     3
       Fireball          |       |       |       |       |    10 |    47 |    11 ||    68
       Bolt of Magma     |       |       |       |       |       |    50 |    33 ||    83
       Blink             |       |       |       |       |       |     6 |     1 ||     7
Evoke: Wand              |       |       |       |       |     1 |     4 |       ||     5
  Use: Scroll            |     4 |     3 |    13 |     6 |     9 |    17 |       ||    52
       Potion            |       |       |     2 |     2 |     6 |    17 |     4 ||    31
 Stab: Sleeping          |       |       |       |     2 |     3 |     3 |     4 ||    12
       Distracted        |       |       |       |       |     2 |     1 |     1 ||     4
Armor: Robe              |     3 |     3 |    13 |       |       |       |       ||    19
       Steam dragon scal |       |       |     1 |     1 |       |       |       ||     2
       Acid dragon scale |       |       |       |     9 |    87 |   173 |    37 ||   306
Dodge: Dodged            |     9 |    18 |    82 |   181 |   613 |   936 |   157 ||  1996
Block: Buckler           |       |       |       |       |    17 |   209 |    39 ||   265
